 Dungeon Crawl Stone Soup version 0.28-a0-421-gd1dd6c5fb5 (webtiles) character file.

Game seed: 3925013875806636560

81 gwathlobal the Skirmisher (level 4, -4/39 HPs)
             Began as a Palentonga Abyssal Knight on Sept 8, 2021.
             Was a Believer of Lugonu.
             Slain by Crazy Yiuf (19 damage)
             ... on level 2 of the Dungeon.
             The game lasted 00:07:21 (1698 turns).

gwathlobal the Skirmisher (PaAK)                    Turns: 1698, Time: 00:07:23

Health: -4/39      AC:  4    Str: 17    XL:     4   Next: 20%
Magic:  5/5        EV:  9    Int: 12    God:    Lugonu [**....]
Gold:   51         SH:  0    Dex:  9    Spells: 3/3 levels left

rFire   . . .      SeeInvis +   a - +1 falchion
rCold   . . .      Faith    .   (no shield)
rNeg    . . .      Spirit   .   b - +0 leather armour
rPois   .          Reflect  .   (no helmet)
rElec   .          Harm     .   (no cloak)
rCorr   +          Rampage  .   (no gloves)
Will    .....                   (no barding)
Stlth   +.........              (no amulet)
HPRegen 0.13/turn               j - ring of resist corrosion
MPRegen 0.09/turn               (no ring)

@: lethally poisoned (-4 -> -18)
A: large, rugged brown scales 3, see invisible, deformed body, roll 1, armoured
tail
a: Rolling Charge, Renounce Religion, Depart the Abyss, Bend Space


You were on level 2 of the Dungeon.
You worshipped Lugonu.
Lugonu was pleased with you.
You visited 1 branch of the dungeon, and saw 2 of its levels.
You visited the Abyss 1 time.

You collected 51 gold pieces.

Inventory:

Hand Weapons
 a - a +1 falchion (weapon)
Missiles
 d - 37 arrows
Armour
 b - a +0 leather armour (worn)
Jewellery
 j - a ring of resist corrosion (left hand)
Scrolls
 e - 4 scrolls of fog {unknown}
 g - a scroll of immolation {unknown}
 h - a scroll of magic mapping {unknown}
 k - a scroll of enchant armour {unknown}
 m - a scroll of identify {unknown}
Potions
 c - 2 potions of haste {unknown}
 f - 2 potions of heal wounds {unknown}
 i - 2 potions of curing
 l - a potion of degeneration {unknown}


   Skills:
 + Level 4.0 Fighting
 - Level 2.1 Long Blades
 + Level 2.4 Armour
 + Level 1.2 Dodging
 + Level 2.2 Invocations


You had 3 spell levels left.
You didn't know any spells.
Your spell library contained the following spells:

 Spells                   Type           Power      Damage    Failure   Level
 Sublimation of Blood     Necr           0%         N/A       52%         2
 Wereblood                Tmut           0%         N/A       52%         2
 Summon Hydra             Summ           0%         N/A       100%        7


Dungeon Overview and Level Annotations

Branches:
Dungeon (2/15)

Altars:

Annotations:
D:2 Crazy Yiuf


Innate Abilities, Weirdness & Mutations

You are completely covered in rugged brown scales. (AC +3, +7% HP)
You have supernaturally acute eyesight. (SInv)
Armour fits poorly on your strangely shaped body.
You can roll at nearby foes to attack.
You have a long armoured tail.


Message History

Lugonu accepts your kill.
You see here a quokka corpse.
A worm comes into view.
You hit the worm. You tail-slap the worm.
The worm is heavily wounded.
The worm bites you.
You slash the worm!
The worm is almost dead.
The worm bites you.
You slash the worm!
You kill the worm!
Lugonu accepts your kill.
Found a stone staircase leading up.
m - a scroll labelled JAJOADOQOYS
Found a stone staircase leading down.
There is a stone staircase leading down here.
Found a stone staircase leading up.
There is a stone staircase leading up here.
Found a runed mace.
Found a runed translucent door.
Crazy Yiuf shouts!
You open the door.
Crazy Yiuf cries, "Buddy!"
You slash Crazy Yiuf! You tail-slap Crazy Yiuf.
Crazy Yiuf is severely wounded.
Crazy Yiuf whimpers, "Goober ladder cloud!"
Crazy Yiuf drinks a potion.
Crazy Yiuf is healed!
You closely miss Crazy Yiuf.
Crazy Yiuf is lightly wounded.
Crazy Yiuf barely misses you.
You hit Crazy Yiuf but do no damage.
Crazy Yiuf is lightly wounded.
Crazy Yiuf hits you with a +4 quarterstaff of chaos!
You are poisoned.
You slash Crazy Yiuf! You tail-slap Crazy Yiuf.
Crazy Yiuf is severely wounded.
You feel very sick. Crazy Yiuf closely misses you.
Crazy Yiuf hits you with a +4 quarterstaff of chaos!
You are electrocuted!!
You die...

#.#...#### ##.#..
###.##.## #....
#.....## #####
#.##### #.#
#.##♣♣♣♣♣
###<.#..♣.♣♣♣ ###
#........♣..♣#...#
#.......♣♣♣♣@g...#
#.#..#.♣♣ ♣♣#..)#
#.####♣♣ ### #.#
#.# #.. ### ###
#.# #.# #.#


You could see Crazy Yiuf.

Vanquished Creatures
  Jessica (D:2)
  2 adders (D:2)
  2 worms (D:2)
  A bat (D:1)
  3 endoplasms (D:2)
  A giant cockroach (D:1)
  3 goblins (D:1)
  4 hobgoblins
  3 jackals (D:1)
  3 kobolds
  2 quokkas
  3 ball pythons
  3 rats
31 creatures vanquished.

Notes
Turn   | Place    | Note
-------+----------+-------------------------------------------
     0 | Abyss:1  | gwathlobal the Palentonga Abyssal Knight began the quest
                  | for the Orb.
     0 | Abyss:1  | Reached XP level 1. HP: 19/19 MP: 2/2
    12 | D:1      | Escaped the Abyss
    19 | D:1      | Noticed a snapping turtle
    19 | D:1      | Noticed a rime drake
    19 | D:1      | Noticed a lindwurm
    20 | D:1      | Noticed a black bear
    20 | D:1      | Noticed a hog
   329 | D:1      | Reached XP level 2. HP: 25/25 MP: 3/3
   845 | D:2      | Reached ** piety under Lugonu
   877 | D:2      | Reached XP level 3. HP: 19/31 MP: 4/4
  1128 | D:2      | Reached skill level 1 in Dodging
  1458 | D:2      | Noticed Jessica
  1463 | D:2      | Killed Jessica
  1464 | D:2      | Reached skill level 4 in Fighting
  1464 | D:2      | Reached XP level 4. HP: 34/39 MP: 5/5
  1690 | D:2      | Found a runed translucent door.
  1691 | D:2      | Noticed Crazy Yiuf
  1698 | D:2      | Slain by Crazy Yiuf

Illustrated notes

Levels and vault maps discovered:
D:1:      onia_arrival_zoo_common, layout_rooms
D:2:      layout_loops_corners, minmay_stone_trees_small, uniq_jessica,
          uniq_crazy_yiuf_cottage

Skill      XL: |  1  2  3 |
---------------+----------+-----
Armour         | 2 |  2.4
Dodging        | 1 |  1.2
Fighting       | 4 |  4.0
Long Blades    | |  2.1
Invocations    | |  2.2

Action                   |  1- 3 |  4- 6 || total
-------------------------+-------+-------++-------
Melee: Falchion          |    98 |    10 ||   108
       Tailslap          |     6 |     3 ||     9
 Abil: Rolling Charge    |     1 |       ||     1
Armor: Leather armour    |    36 |     1 ||    37
Dodge: Dodged            |    45 |     2 ||    47

Table legend: (Time is in decaauts)
 A = Elapsed time spent in this place.
 B = Non-inter-level travel time spent in this place.
 C = Inter-level travel time spent in this place.
 D = Time resting spent in this place.
 E = Time spent auto-exploring this place.
 F = Levels seen in this place.
 G = Mean time per level.
                   A        B        C        D        E       F      G
               +--------+--------+--------+--------+--------+-----+--------+
         Total |   1720 |   1715 |      5 |      0 |   1356 |   3 |  573.3 |
       Dungeon |   1705 |   1700 |      5 |      0 |   1356 |   2 |  852.5 |
         Abyss |     15 |     15 |      0 |      0 |      0 |   1 |   15.0 |
               +--------+--------+--------+--------+--------+-----+--------+

Top non-repeatable levels by time:
     D:2: 891 daAuts
     D:1: 813 daAuts
 Abyss:1: 15 daAuts
